Map: [ESL] Ghost River

Players

Harstem

  • Race: Protoss Protoss
  • League: Master
  • Spawn Location: 1:00

Kelazhur - Winner!

  • Race: Terran Terran
  • League: Master
  • Spawn Location: 11:00

Event: Bellum Gens Elite Stara Zagora 2024

VOD

Have the link to the VOD?

Description

Time

  • Played on: Sept. 6, 2024, 11:06 a.m.
  • Length: 18:32

All games in this series

Show
View Real Time Build Order
Export as new Build Order

Harstem Protoss 

Build Orders: 1 Gate Expand, Blink Stalkers, Colossus Rush 

Get SALT Encoding   

  12  0:00  Probe  
  13  0:12  Probe  
  14  0:18  Pylon  
  14  0:24  Probe  
  15  0:36  Gateway  
  15  0:38  Probe (Chrono Boost)  
  16  0:47  Assimilator, Probe (Chrono Boost)  
  17  0:52  Probe (Chrono Boost)  
  18  1:04  Probe  
  19  1:16  Probe  
  20  1:24  Cybernetics Core  
  21  1:38  Nexus  
  20  1:44  Pylon  
  20  1:47  Probe  
  20  1:52  Assimilator  
  21  1:59  Adept (Chrono Boost)  
  21  2:00  Probe  
  22  2:05  Warp Gate  
  24  2:12  Probe  
  25  2:19  Adept (Chrono Boost)  
  27  2:24  Probe  
  28  2:33  Twilight Council  
  28  2:36  Probe  
  29  2:42  Stalker  
  31  2:49  Probe  
  32  2:51  Probe  
  33  3:00  Gateway  
  33  3:01  Probe  
  33  3:03  Shield Battery  
  34  3:08  Probe  
  35  3:13  Blink (Chrono Boost)  
  35  3:14  Probe  
  36  3:20  Probe  
  36  3:26  Probe  
  38  3:28  Robotics Facility  
  38  3:32  Probe  
  39  3:38  Probe  
  40  3:44  Probe  
  41  3:50  Probe  
  41  3:52  Pylon  
  41  3:54  Stalker  
  41  3:55  Stalker  
  44  3:56  Probe  
  44  4:02  Probe  
  46  4:03  Pylon  
  46  4:09  Assimilator  
  46  4:10  Probe  
  46  4:13  Assimilator  
  46  4:14  Probe  
  46  4:16  Observer (Chrono Boost)  
  49  4:20  Stalker x2  
  49  4:22  Probe (Chrono Boost)  
  52  4:29  Observer (Chrono Boost), Probe (Chrono Boost), Pylon  
  54  4:34  Probe (Chrono Boost)  
  55  4:42  Probe x2 (Chrono Boost)  
  55  4:44  Stalker x2  
  61  4:50  Probe x2  
  63  4:57  Nexus  
  63  4:59  Pylon  
  63  5:05  Probe  
  64  5:07  Observer, Robotics Bay  
  64  5:09  Sentry  
  66  5:16  Probe  
  66  5:18  Probe  
  66  5:19  Pylon  
  66  5:21  Shield Battery  
  68  5:24  Immortal (Chrono Boost)  
  72  5:31  Probe  
  72  5:33  Charge, Pylon  
  73  5:39  Stalker  
  73  5:46  Probe  
  73  5:48  Probe  
  73  5:52  Colossus (Chrono Boost)  
  73  5:56  Observer  
  79  5:57  Stalker  
  79  5:58  Probe  
  79  6:03  Probe  
  83  6:09  Stalker  
  83  6:10  Probe  
  84  6:12  Probe  
  84  6:15  Probe  
  86  6:22  Shield Battery, Probe  
  86  6:24  Stalker, Probe  
  90  6:27  Probe  
  90  6:29  Pylon  
  91  6:34  Probe  
  91  6:41  Colossus (Chrono Boost)  
  91  6:47  Pylon  
  91  6:49  Extended Thermal Lance  
  91  6:51  Pylon  
  91  6:52  Gateway  
  89  6:54  Gateway  
  89  7:03  Observer  
  89  7:04  Nexus  
  89  7:05  Probe  
  90  7:09  Probe  
  90  7:13  Pylon  
  91  7:15  Sentry  
  91  7:17  Observer  
  91  7:18  Probe  
  94  7:23  Colossus (Chrono Boost)  
  94  7:28  Gateway  
  94  7:29  Gateway  
  100  7:33  Probe  
  101  7:40  Pylon  
  101  7:41  Probe  
  102  7:48  Probe  
  103  7:53  Probe  
  104  7:58  Pylon  
  104  7:59  Gateway, Phoenix  
  104  8:00  Gateway, Probe  
  104  8:04  Warp Prism (Chrono Boost), Zealot x2  
  111  8:07  Probe  
  110  8:14  Templar Archives, Probe  
  110  8:15  Forge  
  111  8:26  Zealot x3  
  111  8:27  Zealot  
  118  8:32  Observer (Chrono Boost)  
  118  8:33  Zealot  
  118  8:34  Zealot  
  123  8:35  Probe  
  124  8:44  Pylon  
  124  8:53  High Templar x3  
  124  8:54  High Templar x3  
  136  8:56  Probe  
  136  8:57  Archon  
  136  8:58  Archon x2  
  137  9:03  Probe  
  137  9:04  Probe  
  137  9:08  Probe  
  136  9:11  Forge  
  136  9:12  Pylon  
  136  9:15  Nexus, Probe  
  136  9:16  Protoss Ground Weapons Level 1 (Chrono Boost)  
  137  9:26  Zealot x7  
  113  9:48  Probe  
  113  9:49  Zealot x8  
  124  9:53  Probe  
  124  9:54  Protoss Ground Armor Level 1 (Chrono Boost), Probe  
  122  10:00  Probe  
  122  10:06  Probe  
  120  10:11  High Templar x4  
  120  10:12  Probe  
  129  10:19  Archon x2  
  129  10:20  Probe  
  130  10:22  Zealot x4, Pylon  
  130  10:24  Photon Cannon, Immortal (Chrono Boost)  
  142  10:29  Probe  
  143  10:35  Assimilator  
  143  10:43  Photon Cannon  
  143  10:47  Zealot x3  
  143  10:49  Probe  
  150  10:52  Dark Shrine  
  150  10:55  Pylon  
  150  10:56  Stalker x3  
  154  11:02  Warp Prism (Chrono Boost)  
  148  11:06  Protoss Ground Weapons Level 2 (Chrono Boost)  
  148  11:07  Probe  
  148  11:08  Gravitic Drive  
  148  11:09  Probe  
  148  11:10  Probe  
  151  11:15  Shield Battery  
  151  11:16  Assimilator  
  151  11:17  Probe  
  152  11:19  Assimilator  
  152  11:22  Pylon  
  152  11:26  Assimilator, Robotics Facility  
  152  11:27  Disruptor (Chrono Boost)  
  156  11:35  Stalker x3  
  159  11:40  Stalker  
  159  11:49  Zealot x4  
  159  11:51  Probe  
  159  11:53  Pylon  
  168  11:58  Probe  
  172  12:02  Disruptor (Chrono Boost), Pylon, Probe  
  172  12:03  Pylon  
  172  12:07  Photon Cannon  
  173  12:09  Photon Cannon  
  173  12:13  Photon Cannon  
  173  12:15  Disruptor (Chrono Boost), Dark Templar  
  179  12:16  Shield Battery  
  179  12:17  Protoss Ground Armor Level 2 (Chrono Boost)  
  179  12:29  Gateway  
  179  12:30  Gateway  
  179  12:32  Nexus  
  179  12:36  Pylon  
  179  12:39  Disruptor (Chrono Boost)  
  184  12:49  Observer (Chrono Boost)  
  184  12:54  Probe  
  185  13:00  Stalker x5  
  195  13:08  Probe  
  195  13:11  Probe  
  195  13:12  Shadow Stride  
  193  13:13  Probe  
  193  13:14  Photon Cannon  
  193  13:15  Photon Cannon  
  193  13:16  Shield Battery  
  193  13:19  Gravitic Boosters  
  195  13:20  Assimilator  
  195  13:23  Protoss Ground Weapons Level 3 (Chrono Boost)  
  195  13:25  Assimilator, Observer (Chrono Boost)  
  191  13:28  Pylon  
  191  13:31  Psionic Storm  
  191  13:33  Disruptor (Chrono Boost)  
  191  13:35  Probe  
  191  13:39  Observer (Chrono Boost)  
  191  13:41  Probe  
  198  13:44  High Templar  
  198  13:45  Pylon  
  200  13:50  High Templar, Photon Cannon  
  200  13:53  Photon Cannon  
  200  13:55  Photon Cannon  
  181  14:19  Zealot x3, Dark Templar  
  181  14:20  Zealot x5  
  181  14:22  Stalker  
  178  14:41  Stalker, Zealot, Dark Templar  
  178  14:42  Zealot x5  
  178  14:44  Disruptor  
  184  14:56  Dark Templar  
  184  14:57  Zealot  
  147  15:07  Probe  
  147  15:10  Zealot x6, Dark Templar  
  147  15:13  Zealot x5  
  154  15:20  Pylon  
  153  15:23  Stalker  
  153  15:26  Probe  
  125  15:40  Nexus, Probe  
  125  15:41  Probe  
  111  15:47  High Templar x4  
  119  15:53  Archon x3  
  119  15:54  High Templar  
  119  15:55  High Templar x3  
  127  16:01  Archon x2  
  127  16:05  Zealot x2  
  125  16:16  Probe  
  125  16:17  Probe  
  126  16:21  Zealot x2, Dark Templar  
  132  16:27  Observer  
  132  16:35  Pylon  
  132  16:40  Probe  
  132  16:45  Nexus  
  131  16:48  Observer  
  131  16:50  High Templar x2  
  127  16:56  Observer  
  127  16:58  Probe (Chrono Boost)  
  130  17:02  Probe (Chrono Boost)  
  130  17:03  Observer, Probe (Chrono Boost)  
  131  17:09  Probe (Chrono Boost)  
  131  17:13  Probe x2 (Chrono Boost), Pylon  
  131  17:14  Probe (Chrono Boost)  
  135  17:24  Probe (Chrono Boost)  
  135  17:26  Warp Prism (Chrono Boost), Probe (Chrono Boost)  
  135  17:27  Probe (Chrono Boost)  
  134  17:32  High Templar x2  
  134  17:34  Probe (Chrono Boost)  
  137  17:37  Probe x2 (Chrono Boost)  
  137  17:39  Probe (Chrono Boost)  
  137  17:40  Assimilator  
  137  17:42  Assimilator  
  138  17:44  Observer  
  138  17:46  Probe  
  138  17:47  Probe  
  138  17:50  Probe  
  141  17:53  Zealot x3, Dark Templar  
  141  17:57  Zealot, Dark Templar  
  143  18:09  Stalker x4  
  151  18:16  Dark Templar  
  151  18:17  Zealot x2  
  157  18:20  Archon  
Show
View Real Time Build Order
Export as new Build Order

Kelazhur Terran - Winner!

Build Orders: Cyclone Opening 

Get SALT Encoding   

  12  0:00  SCV  
  13  0:12  SCV  
  14  0:17  Supply Depot  
  14  0:24  SCV  
  15  0:38  SCV  
  15  0:40  Barracks  
  16  0:43  Refinery  
  16  0:50  SCV  
  17  1:00  Engineering Bay  
  17  1:02  SCV  
  18  1:15  SCV  
  19  1:27  Orbital Command, Marine  
  20  1:45  Factory  
  20  1:53  SCV  
  21  1:59  Command Center  
  21  2:03  Barracks Reactor  
  21  2:05  SCV  
  22  2:11  Supply Depot  
  22  2:17  SCV  
  23  2:33  SCV, Cyclone  
  26  2:39  Marine x2  
  28  2:45  SCV  
  28  2:47  Refinery  
  28  2:48  Supply Depot  
  28  2:58  Marine x2  
  28  3:00  SCV  
  31  3:10  Cyclone  
  33  3:13  Barracks x2  
  33  3:15  SCV  
  34  3:22  Marine x2  
  36  3:27  Orbital Command  
  36  3:31  SCV  
  35  3:50  Marine x2  
  35  3:51  Factory Tech Lab  
  35  3:52  SCV  
  38  3:56  SCV  
  38  4:02  Barracks Tech Lab x2  
  39  4:05  SCV  
  39  4:08  SCV  
  39  4:09  Marine x2  
  43  4:11  Siege Tank  
  43  4:16  Supply Depot  
  46  4:17  SCV  
  46  4:20  SCV  
  46  4:21  Combat Shield, Stimpack  
  46  4:23  Marine  
  49  4:25  Marine  
  49  4:28  Marine  
  49  4:29  SCV, Marine  
  53  4:34  Supply Depot  
  53  4:37  SCV  
  54  4:43  Marauder x2  
  58  4:49  Siege Tank  
  58  4:50  Marine  
  62  4:56  SCV x2  
  62  4:57  Supply Depot  
  64  5:07  Marauder x2  
  64  5:08  SCV  
  64  5:11  Supply Depot  
  64  5:12  SCV  
  70  5:17  Marine  
  70  5:18  Marine  
  71  5:24  Siege Tank  
  71  5:26  Supply Depot  
  71  5:27  SCV  
  74  5:29  SCV  
  74  5:32  Marauder  
  77  5:38  Marine, Marauder  
  77  5:40  SCV  
  81  5:46  SCV  
  79  5:51  Marine  
  79  5:54  Concussive Shells, Marauder  
  80  6:03  SCV x2  
  81  6:04  Marine  
  81  6:05  Marauder  
  81  6:07  Siege Tank  
  84  6:13  Marine  
  84  6:15  Marauder  
  84  6:17  SCV, Command Center  
  84  6:18  SCV  
  89  6:25  Refinery x2  
  89  6:26  Marauder  
  91  6:33  Marine  
  91  6:34  SCV  
  93  6:41  Marauder  
  93  6:42  Marine  
  94  6:48  Supply Depot x2  
  94  6:50  Engineering Bay  
  94  7:00  SCV  
  94  7:07  Starport  
  94  7:09  SCV, Marine, Barracks, Marauder  
  94  7:10  Marauder  
  94  7:11  Siege Tank, Barracks  
  94  7:15  SCV  
  104  7:18  Terran Infantry Weapons Level 1  
  104  7:21  SCV  
  105  7:27  SCV  
  106  7:30  Supply Depot x2  
  106  7:31  Marauder  
  106  7:35  SCV  
  109  7:39  SCV  
  110  7:46  Marauder  
  110  7:47  SCV  
  111  7:51  Marine  
  111  7:53  Siege Tank, Starport Reactor  
  111  7:54  SCV  
  111  7:56  Orbital Command  
  112  7:59  Barracks Tech Lab, Barracks Reactor  
  112  8:01  SCV  
  112  8:02  Marine  
  112  8:03  Marauder  
  116  8:06  SCV  
  116  8:08  Marauder  
  116  8:09  Supply Depot  
  119  8:13  SCV, Marine  
  119  8:19  SCV  
  121  8:21  Marauder  
  121  8:22  Marine  
  121  8:24  SCV, Marauder  
  121  8:25  Siege Tank, SCV  
  121  8:26  Refinery  
  126  8:27  Refinery  
  126  8:29  Medivac x2  
  126  8:31  SCV  
  131  8:35  Armory  
  131  8:36  SCV, Marine x2  
  134  8:43  SCV  
  134  8:46  Marine x2, Marauder  
  138  8:53  Marauder  
  138  8:54  SCV  
  141  8:57  Marine x2, Marauder  
  132  9:06  SCV  
  132  9:07  Marine x2  
  132  9:08  Marauder  
  132  9:09  Siege Tank  
  130  9:12  Medivac  
  130  9:13  Medivac  
  130  9:14  Marauder  
  136  9:17  Command Center  
  136  9:20  Marine, Marauder  
  137  9:25  SCV x3  
  137  9:27  Marine  
  137  9:29  Marauder  
  141  9:36  Marauder  
  141  9:37  SCV  
  132  9:44  Marine x2, Marauder  
  117  9:46  Siege Tank  
  117  9:47  Terran Infantry Weapons Level 2  
  117  9:50  SCV x2  
  121  9:58  Orbital Command  
  116  10:05  Marine x3, Marauder x3  
  119  10:08  SCV x2  
  120  10:19  Viking  
  120  10:20  SCV  
  122  10:24  Viking  
  122  10:26  Marauder  
  126  10:29  Marine x3  
  126  10:30  Marine x2  
  126  10:33  Marauder  
  133  10:46  Command Center  
  132  10:55  Viking x2  
  132  10:56  Marine x2  
  138  11:00  Marine  
  138  11:02  Marine x2  
  138  11:03  Marauder  
  143  11:04  SCV x3  
  143  11:07  Supply Depot  
  146  11:14  Marauder  
  146  11:16  SCV, Ghost Academy  
  149  11:18  Supply Depot x2  
  149  11:28  SCV x2, Medivac x2  
  149  11:29  Marauder  
  157  11:40  SCV x2, Marine x5, Marauder  
  152  11:50  Marauder  
  152  11:52  Siege Tank  
  157  11:57  Marine x4  
  157  11:58  Marauder, Viking x2  
  157  12:00  SCV x2  
  168  12:02  Marauder  
  170  12:09  Terran Infantry Weapons Level 3  
  170  12:11  Ghost  
  172  12:18  Supply Depot  
  172  12:22  Ghost x2, Sensor Tower  
  172  12:23  Supply Depot  
  172  12:24  Supply Depot  
  172  12:27  SCV x2  
  172  12:29  Marine x4  
  182  12:30  Siege Tank  
  185  12:37  Missile Turret  
  185  12:39  Missile Turret, Ghost  
  187  12:50  Marine x2  
  187  12:51  Ghost x2  
  193  12:58  Sensor Tower  
  193  13:02  Marine x2  
  194  13:05  SCV  
  194  13:06  SCV x2  
  194  13:07  Marine  
  194  13:08  Planetary Fortress, Ghost  
  200  13:49  Missile Turret  
  200  13:50  Refinery  
  200  13:52  Refinery, Command Center  
  200  13:56  Command Center  
  200  13:58  Command Center  
  199  14:13  Barracks x2  
  199  14:16  Barracks  
  192  14:23  Ghost x3  
  192  14:24  Marine x4  
  185  14:25  Siege Tank  
  185  14:39  Viking x2  
  185  14:42  Marine x4  
  190  14:47  Terran Infantry Armor Level 1  
  190  14:49  Missile Turret  
  190  14:52  Marine, Missile Turret, Marauder x2  
  185  14:57  Siege Tank  
  185  14:59  Marine x2  
  174  15:00  Marine x2  
  152  15:09  Medivac x2  
  152  15:10  Marine  
  152  15:13  Marine  
  152  15:14  Marauder  
  158  15:17  Marine  
  158  15:18  Marine  
  158  15:19  Marine x2  
  162  15:28  Marauder  
  164  15:29  Siege Tank  
  164  15:31  Marauder  
  164  15:35  Marine, Marauder  
  156  15:39  Medivac x2  
  138  15:42  Marine  
  138  15:43  Marine x2  
  138  15:44  Barracks Tech Lab x3  
  138  15:46  SCV x3  
  138  15:47  SCV  
  138  15:49  Marauder  
  147  15:53  Marine, Marauder  
  147  15:56  Marauder  
  152  16:00  Marine x2  
  152  16:02  Siege Tank  
  152  16:03  Ghost x2, Drilling Claws  
  161  16:05  Marauder  
  161  16:06  Marine  
  161  16:11  Marine, Marauder  
  165  16:14  Marauder  
  165  16:18  Marine x2, Marauder  
  170  16:21  Planetary Fortress, Missile Turret  
  170  16:23  Missile Turret  
  170  16:24  Marine  
  172  16:26  Marauder  
  172  16:31  Ghost  
  172  16:32  Marauder x2  
  180  16:38  Ghost x2  
  180  16:39  Marine x3  
  185  16:40  Viking  
  185  16:44  Planetary Fortress  
  181  16:50  Marine  
  181  16:51  Marauder  
  181  16:53  Marine, Marauder  
  187  17:02  Missile Turret  
  187  17:05  Marauder  
  189  17:08  Missile Turret  
  189  17:11  Marine, Ghost x2  
  189  17:12  Marine  
  147  17:22  Viking  
  195  17:28  Marine, Marauder  
  200  17:30  Marine  
  200  17:32  Marine  
  200  17:33  Ghost  
Tags
 
Add a new tag
Caveats
  • Supply blocks, unpowered buildings, or Contaminate may cause inaccurate times.
  • Supply counts are checked every 10 seconds.